 Dungeon Crawl Stone Soup version 0.26.1-11-gd32895ea62 (webtiles) character file.

Game seed: 77317462809719101

128 dtburroughs the Skirmisher (level 4, 0/41 HPs)
             Began as a Minotaur Berserker on July 23, 2021.
             Was a Believer of Trog.
             Slain by an orc warrior
             ... wielding a cursed -1 hand axe
              (16 damage)
             ... on level 3 of the Dungeon.
             The game lasted 00:04:10 (2014 turns).

dtburroughs the Skirmisher (Minotaur Berserker)     Turns: 2014, Time: 00:04:11

Health: 0/41       AC:  9    Str: 21    XL:     4   Next: 87%
Magic:  3/3        EV:  9    Int:  5    God:    Trog [**....]
Gold:   123        SH:  0    Dex: 10    Spells: 3/3 levels left

rFire    . . .     SeeInvis .   a - +0 hand axe
rCold    . . .     Faith    .   (no shield)
rNeg     . . .     Spirit   .   h - +0 chain mail
rPois    .         Reflect  .   (helmet restricted)
rElec    .         Harm     .   (no cloak)
rCorr    .         Rampage  .   (no gloves)
Will     ++...                  (no boots)
Stlth    ..........             (no amulet)
HPRegen  1.13/turn              (no ring)
MPRegen  0.08/turn              (no ring)

@: regenerating
A: retaliatory headbutt, horns 2
a: Renounce Religion, Berserk, Trog's Hand


You were on level 3 of the Dungeon.
You worshipped Trog.
Trog was pleased with you.
You visited 1 branch of the dungeon, and saw 3 of its levels.

You collected 123 gold pieces.

Inventory:

Hand Weapons
 a - a +0 hand axe (weapon)
Armour
 h - a +0 chain mail (worn)
 k - a +0 cloak
Scrolls
 c - a scroll of teleportation {unknown}
 f - 4 scrolls of identify {unknown}
 g - 3 scrolls of immolation {unknown}
Potions
 b - a potion of curing {unknown}
 d - a potion of mutation {unknown}
 e - a potion of degeneration {unknown}
 i - a potion of lignification {unknown}
 j - a potion of berserk rage {unknown}


   Skills:
 + Level 4.6 Fighting
 + Level 4.6 Axes
 + Level 3.8 Armour
 + Level 3.2 Dodging


You had 3 spell levels left.
You didn't know any spells.
Your spell library was empty.

Dungeon Overview and Level Annotations

Branches:
Dungeon (3/15)

Altars:


Innate Abilities, Weirdness & Mutations

You reflexively headbutt those who attack you in melee.
You have a pair of horns on your head.


Message History

The orc warrior is heavily wounded.
The orc barely misses you. You furiously retaliate!
You headbutt the orc.
The orc warrior hits you with a cursed -1 hand axe.
Your skin stops crawling.
You feel less strong-willed. The orc barely misses you.
Something hits you but does no damage.
You see here 17 poisoned darts.
You slash the orc!
You kill the orc!
Trog accepts your kill.
You closely miss the orc warrior. Your headbutt misses the orc warrior.
The orc warrior is heavily wounded.
The orc warrior hits you with a cursed -1 hand axe!
You barely miss the orc warrior.
The orc warrior is heavily wounded.
The orc warrior barely misses you. You furiously retaliate!
You headbutt the orc warrior.
Your skin crawls.
You feel strong-willed.
The orc warrior hits you with a cursed -1 hand axe!
You die...

#<.......# #........#
.... #........# ....
#........# .....
#........# .....
######.#####......
#.# #..# #......
##.#####.###.......
#..)...(l(o@.# ##..
#....#####o######...
#....#####o...##..#
###..............##.#
###.###........... .#
#.......###. .#
#..†....# .#
#......###.[
#.........!..


You could see an orc warrior, an orc and a frilled lizard.

Vanquished Creatures
  An orc wizard (D:3)
  2 adders (D:2)
  3 oozes
  A worm (D:2)
  A dart slug (D:2)
  A leopard gecko (D:1)
  An orc (D:3)
  10 bats
  6 giant cockroaches
  5 goblins
  9 hobgoblins
  A quokka (D:2)
  3 ball pythons
  3 frilled lizards (D:2)
  5 kobolds
  11 rats
63 creatures vanquished.

Notes
Turn   | Place    | Note
-------+----------+-------------------------------------------
     0 | D:1      | dtburroughs the Minotaur Berserker began the quest for the
                  | Orb.
     0 | D:1      | Reached XP level 1. HP: 19/19 MP: 0/0
   317 | D:1      | Reached XP level 2. HP: 24/27 MP: 1/1
   854 | D:1      | Reached ** piety under Trog
   991 | D:1      | Reached XP level 3. HP: 33/33 MP: 2/2
  1467 | D:2      | Reached XP level 4. HP: 35/41 MP: 3/3
  1993 | D:3      | Noticed an orc warrior
  2014 | D:3      | Slain by an orc warrior

Illustrated notes

Levels and vault maps discovered:
D:1:      sevenhm_arrival_forest_fort_small_4, layout_basic,
          minmay_misc_feat_hallway, st_stairs_12
D:2:      layout_rooms
D:3:      layout_rooms, grunt_temple_overflow_open, kennysheep_generic_room_7

Skill      XL: |  1  2  3 |
---------------+----------+-----
Fighting       | 4 |  4.6
Axes           | 4 |  4.6
Armour         | 3 |  3.8
Dodging        | 3 |  3.2

Action                   |  1- 3 |  4- 6 || total
-------------------------+-------+-------++-------
Melee: Hand axe          |    76 |    45 ||   121
       Headbutt          |    13 |    11 ||    24
Invok: Trog's Hand       |       |     2 ||     2
 Stab: Sleeping          |     1 |       ||     1
Armor: Animal skin       |    11 |       ||    11
       Chain mail        |    42 |    31 ||    73
Dodge: Dodged            |    81 |    36 ||   117
